 Dungeon Crawl Stone Soup version 0.28.0-45-g0d030f2227 (webtiles) character file.

Game seed: 773129998933399273

86661 protoss039 the Unseen (level 15, -1/79 HPs)
             Began as a Spriggan Enchanter on Apr 14, 2022.
             Was the Champion of Dithmenos.
             Slain by a centaur warrior (9 damage)
             ... on level 13 of the Dungeon.
             The game lasted 01:49:47 (29756 turns).

protoss039 the Unseen (Spriggan Enchanter)         Turns: 29756, Time: 01:49:48

Health: -1/79      AC: 12    Str:  4    XL:     15   Next: 41%
Magic:  9/29       EV: 26    Int: 19    God:    Dithmenos [******]
Gold:   2030       SH:  0    Dex: 27    Spells: 14/32 levels left

rFire   . . .      SeeInvis +   g - +3 quick blade
rCold   + . .      Faith    .   (no shield)
rNeg    + . .      Spirit   .   y - +0 acid dragon scales
rPois   .          Reflect  .   O - +2 hat {Will+}
rElec   .          Harm     .   (no cloak)
rCorr   +          Rampage  .   (gloves unavailable)
Will    +++..                   (boots unavailable) Stlth ***+++++++
                                o - amulet of Lesmanen {rC+ rN+ Regen+}
HPRegen 1.03/turn               b - +4 ring of protection
MPRegen 0.21/turn               w - +6 ring of dexterity

@: confusing by touch, wreathed by umbra, very quick
A: very small, no large weapons, unfitting armour, see invisible, speed 3
a: Renounce Religion, Shadow Step, Shadow Form


You were on level 13 of the Dungeon.
You worshipped Dithmenos.
Dithmenos was exalted by your worship.
You visited 3 branches of the dungeon, and saw 22 of its levels.
You also visited: Bailey and Gauntlet.

You collected 2030 gold pieces.

Inventory:

Hand Weapons
 g - a +3 quick blade (weapon)
Missiles
 l - a throwing net
 n - 8 curare-tipped darts
 u - 33 poisoned darts (quivered)
 J - 5 datura-tipped darts
Armour
 c - +0 steam dragon scales
 y - +0 acid dragon scales (worn)
 O - a +2 hat of willpower (worn)
 R - a +0 buckler
 W - the +2 robe of the Desert {rF+}
   (You found it in a Gauntlet)

   rF:        It protects you from fire.
Jewellery
 b - a +4 ring of protection (left hand)
 o - the amulet of Lesmanen (around neck) {rC+ rN+ Regen+}
   (You found it on level 4 of the Dungeon)

   [amulet of regeneration]

   rC:        It protects you from cold.
   rN:        It protects you from negative energy.
   Regen:     It increases your rate of health regeneration.
 w - a +6 ring of dexterity (right hand)
 z - a ring of positive energy
 F - a ring of protection from cold
 P - a ring of fire
 S - an amulet of reflection
 T - the ring "Qijai" {Wiz rPois Str-5 Int+6 Dex-3}
   (You found it in a Gauntlet)

   [ring of wizardry]

   It improves your spell success rate.
   Str:       It affects your strength (-5).
   Int:       It affects your intelligence (+6).
   Dex:       It affects your dexterity (-3).
   rPois:     It protects you from poison.
 V - the amulet "Iriet" {Acrobat rF+ Dex+2}
   (You found it in a Gauntlet)

   [amulet of the acrobat]

   It increases your evasion while moving and waiting.
   Dex:       It affects your dexterity (+2).
   rF:        It protects you from fire.
 X - the ring of Fatigue {rPois rC+ Str+4 Dex+2}
   (You found it in a Gauntlet)

   [ring of protection from cold]

   Str:       It affects your strength (+4).
   Dex:       It affects your dexterity (+2).
   rC:        It protects you from cold.
   rPois:     It protects you from poison.
 Z - a ring of flight
Wands
 v - a wand of paralysis (15)
 I - a wand of polymorph (15)
 M - a wand of iceblast (13)
 Q - a wand of flame (9)
 Y - a wand of acid (7)
Scrolls
 d - 11 scrolls of teleportation
 e - a scroll of torment {unknown}
 f - 5 scrolls of fog
 h - 5 scrolls of immolation
 i - a scroll of magic mapping
 p - 4 scrolls of brand weapon {unknown}
 q - 5 scrolls of blinking
 r - 3 scrolls of enchant armour {unknown}
 A - 4 scrolls of amnesia
 D - 3 scrolls of enchant weapon {unknown}
Potions
 a - 2 potions of flight {unknown}
 j - 2 potions of brilliance {unknown}
 k - 2 potions of magic {unknown}
 m - 4 potions of attraction
 s - 3 potions of might
 t - 2 potions of berserk rage
 x - 3 potions of curing
 B - 2 potions of cancellation {unknown}
 C - 2 potions of mutation
 E - 3 potions of lignification
 G - 3 potions of resistance
 K - a potion of haste {unknown}
 N - 5 potions of ambrosia
 U - 2 potions of invisibility
Miscellaneous
 H - a condenser vane
 L - a phantom mirror


   Skills:
 - Level 9.0 Fighting
 + Level 10.8 Short Blades
 - Level 3.0 Throwing
 - Level 12.0 Dodging
 + Level 16.4 Stealth
 * Level 3.6 Shields
 - Level 9.0 Spellcasting
 - Level 6.0 Conjurations
 - Level 9.0 Hexes
 - Level 6.0 Ice Magic
 - Level 3.0 Air Magic
 - Level 3.0 Poison Magic
 - Level 12.0 Invocations


You had 14 spell levels left.
You knew the following spells:

 Your Spells              Type           Power      Damage    Failure   Level
a - Ensorcelled Hibernat  Hex/Ice        74%        N/A       1%          2
b - Confusing Touch       Hex            42%        N/A       1%          3
c - Tukima's Dance        Hex            42%        N/A       1%          3
d - Dazzling Flash        Conj/Hex       74%        N/A       2%          3
e - Fulminant Prism       Conj/Hex       18%        3d11      9%          4
f - Mephitic Cloud        Conj/Pois/Air  23%        N/A       12%         3

Your spell library contained the following spells:

 Spells                   Type           Power      Damage    Failure   Level
 Magic Dart               Conj           100%       1d8       1%          1
 Conjure Flame            Conj/Fire      19%        6-21      17%         3
 Animate Skeleton         Necr           16%        N/A       21%         1
 Pain                     Necr           32%        1d5       21%         1
 Blink                    Tloc           16%        N/A       30%         2
 Call Imp                 Summ           8%         N/A       30%         2
 Sublimation of Blood     Necr           8%         N/A       30%         2
 Anguish                  Hex/Necr       12%        N/A       30%         4
 Spider Form              Tmut/Pois      14%        N/A       32%         3
 Ignite Poison            Fire/Tmut/Pois 12%        N/A       36%         3
 Silence                  Hex/Air        15%        N/A       43%         5
 Iskenderun's Mystic Bla  Conj/Tloc      19%        2d6       50%         4
 Sticky Flame             Conj/Fire      19%        2d4       50%         4
 Lesser Beckoning         Tloc           8%         N/A       52%         3
 Vampiric Draining        Necr           8%         2d6       52%         3
 Irradiate                Conj/Tmut      9%         3d16      85%         5
 Petrify                  Tmut/Erth      8%         N/A       89%         4
 Agony                    Necr           8%         N/A       99%         5
 Excruciating Wounds      Necr           4%         N/A       99%         5
 Lee's Rapid Deconstruct  Erth           4%         3d6*      99%         5
 Manifold Assault         Tloc           8%         N/A       99%         5
 Storm Form               Tmut/Air       7%         N/A       100%        7


Dungeon Overview and Level Annotations

Branches:
Dungeon (15/15)            Temple (1/1) D:5            Lair (6/6) D:9
  Swamp (0/4) Lair:2       Spider (0/4) Lair:3        Slime (0/5) Lair:6
    Orc (0/2) D:9          Vaults (0/5) D:14         Depths (0/4) D:15
 Bailey (visited)         Gauntlet (visited)

Altars:
Ashenzari
Cheibriados
Dithmenos
Elyvilon
Fedhas
Gozag
Hepliaklqana
Kikubaaqudgha
Makhleb
Nemelex Xobeh
Okawaru
Qazlal
Ru
Sif Muna
Trog
Uskayaw
Vehumet
Wu Jian
Xom
Yredelemnul
Zin
The Shining One
Beogh
Jiyva

Shops:
D:1 =   D:5 [   D:9 [   D:14 ?

Annotations:
D:4 3 runed translucent doors, Arpeggio's ghost, amateur DsFi; Manslay's ghost, amateur OpCj; MisterFreud's ghost, amateur DrTm; XSreality's ghost, amateur HOFi; fgae53's ghost, amateur GrEE
D:8 1 runed translucent door, Harold
D:12 exclusion: death knight


Innate Abilities, Weirdness & Mutations

You are very small and have problems with some larger weapons.
You are too small for most types of armour.
You have supernaturally acute eyesight. (SInv)
You cover ground extremely quickly. (Speed+++)


Message History

The six-headed hydra closely misses you.
You hit the six-headed hydra.
The six-headed hydra is severely wounded.
The centaur warrior shoots an arrow.
The arrow hits you!
* * * LOW HITPOINT WARNING * * *
You emit a cloud of dark smoke.
The arrow burns you.
* * * LOW HITPOINT WARNING * * *
Unknown command.
Unknown command.
Unknown command.
Okay, then.
Okay, then.
You feel better.
The centaur warrior shoots an arrow.
The arrow completely misses you.
The arrow hits the six-headed hydra!!
The arrow burns the six-headed hydra.
The six-headed hydra dies!
Unknown command.
You feel better.
The centaur warrior shoots an arrow.
The arrow hits you!
* * * LOW HITPOINT WARNING * * *
The arrow burns you.
* * * LOW HITPOINT WARNING * * *
The centaur warrior shoots an arrow.
The arrow hits you!
* * * LOW HITPOINT WARNING * * *
The arrow burns you.
* * * LOW HITPOINT WARNING * * *
Unknown command.
Unknown command.
Okay, then.
Okay, then.
Okay, then.
Okay, then.
Unknown command.
Unknown command.
Unknown command.
Casting: Confusing Touch (safe; 1% risk of failure)
Confirm with . or Enter, or press ? or * to list all spells.
Your hands begin to glow red.
The centaur warrior unwields a +1 shortbow of flaming.
It stops flaming.
The centaur warrior hits you!
You die...

## #§# ###
##§#
##.###§#
#..##@##
#.§c§#####
#.§#§§...#
#..###...#
#... #..#
..... #..#
...###.
.... ..Bc#
## ...
.....# ..


You could see a centaur warrior.

Vanquished Creatures
  Gastronok (Lair:3)
  A minotaur (Gauntlet)
  A vault guard (D:14)
  An ice dragon (Lair:6)
  10 hydras
  2 centaur warriors
  2 catoblepae
  2 death knights
  3 two-headed ogres
  17 death yaks
  2 tengu warriors (D:14)
  2 orc high priests (Bailey)
  The ghost of shugdite the Carver, a novice DrBe of Trog (D:9)
  3 lindwurms (Lair:6)
  3 phantasmal warriors
  A deep elf pyromancer (D:12)
  A necromancer (Gauntlet)
  3 orc knights (Bailey)
  5 ugly things (D:14)
  2 manticores (D:12)
  4 cyclopes
  7 black mambas
  2 elephants (Lair:6)
  A smoke demon (Gauntlet)
  15 cane toads
  7 torpor snails (Lair:6)
  2 gargoyles (Gauntlet)
  4 rime drakes
  2 unseen horrors
  A rime drake (shapeshifter) (D:15)
  3 freezing wraiths
  13 komodo dragons
  An efreet (D:15)
  A red devil (Gauntlet)
  A tengu conjurer (D:15)
  3 trolls
  A queen bee (Lair:3)
  7 hornets
  2 polar bears
  19 blink frogs
  4 tyrant leeches (Lair:6)
  10 dream sheep
  A jumping spider (Lair:3)
  2 centaur simulacra (D:14)
  Sigmund (D:2)
  A shadow (D:11)
  A vampire (D:9)
  4 wyverns
  2 wraiths (D:14)
  5 basilisks
  52 yaks
  2 steam dragons
  2 vampire mosquitoes (D:10)
  2 wargs (D:6)
  2 swamp worms (Lair:2)
  13 water moccasins
  2 acid dragons
  2 black bears
  4 ice beasts
  26 orc warriors
  4 sky beasts
  2 necrophages (D:5)
  2 boggarts (D:14)
  10 wolves
  11 ogres
  A phantom (D:5)
  10 centaurs
  6 kobold brigands
  15 bullfrogs
  4 scorpions
  3 gnoll sergeants
  29 killer bees
  3 wights (D:6)
  9 electric eels
  9 howler monkeys (D:6)
  A bullfrog zombie (D:7)
  5 crimson imps
  A centaur zombie (D:9)
  7 hounds
  14 orc priests
  A gnoll shaman (D:6)
  A centaur skeleton (D:7)
  2 iguanas
  14 orc wizards
  2 howler monkey zombies
  5 adders
  35 gnolls
  4 white imps
  An ufetubus (D:7)
  A worm (D:3)
  A dart slug (D:3)
  71 orcs
  10 ball pythons
  12 endoplasms
  3 giant cockroaches
  13 goblins
  5 hobgoblins
  3 jackals (D:2)
  4 quokkas
  3 bats
  A frilled lizard (D:2)
  18 kobolds
  6 rats
659 creatures vanquished.

Vanquished Creatures (collateral kills)
  A two-headed ogre (D:10)
  A gnoll sergeant (D:5)
  An orc wizard (D:7)
  A gnoll (D:5)
  4 orcs
8 creatures vanquished.

Vanquished Creatures (others)
  A hydra (D:13)
  7 dancing weapons
  A boggart (D:14)
  22 demonic plants (Gauntlet)
  33 fulminant prisms
  11 fungi
  33 plants
108 creatures vanquished.

Grand Total: 775 creatures vanquished

Notes
Turn   | Place    | Note
-------+----------+-------------------------------------------
     0 | D:1      | protoss039 the Spriggan Enchanter began the quest for the
                  | Orb.
     0 | D:1      | Reached XP level 1. HP: 9/9 MP: 5/5
   190 | D:1      | Found a faded altar of an unknown god.
   966 | D:1      | Reached XP level 2. HP: 13/13 MP: 6/6
   969 | D:1      | Learned a level 2 spell: Ensorcelled Hibernation
  2067 | D:1      | Found Haxzaurch's Jewellery Emporium.
  2328 | D:2      | Reached XP level 3. HP: 16/16 MP: 8/8
  2363 | D:2      | Learned a level 3 spell: Confusing Touch
  2738 | D:2      | Reached skill level 1 in Ice Magic
  2854 | D:2      | Noticed Sigmund
  3287 | D:2      | Learned a level 3 spell: Tukima's Dance
  3313 | D:2      | Killed Sigmund
  3314 | D:2      | Reached skill level 1 in Fighting
  3314 | D:2      | Reached skill level 5 in Stealth
  3314 | D:2      | Reached XP level 4. HP: 8/22 MP: 2/9
  3314 | D:2      | Reached XP level 5. HP: 10/25 MP: 2/10
  4358 | D:3      | Reached XP level 6. HP: 30/30 MP: 4/11
  5045 | D:4      | Reached skill level 6 in Stealth
  5075 | D:4      | Found a runed translucent gate.
  5075 | D:4      | Noticed Arpeggio's ghost (amateur DsFi)
  5076 | D:4      | Found a runed translucent gate.
  5076 | D:4      | Found a runed translucent gate.
  5076 | D:4      | Noticed fgae53's ghost (amateur GrEE)
  5077 | D:4      | Noticed XSreality's ghost (amateur HOFi)
  5077 | D:4      | Noticed Manslay's ghost (amateur OpCj)
  5077 | D:4      | Noticed MisterFreud's ghost (amateur DrTm)
  5098 | D:4      | Noticed a water moccasin
  5113 | D:4      | Killed a water moccasin
  5114 | D:4      | Reached skill level 5 in Dodging
  5420 | D:4      | Noticed a sky beast
  5426 | D:4      | Killed a sky beast
  5427 | D:4      | Reached XP level 7. HP: 35/35 MP: 12/12
  5509 | D:4      | Identified the amulet of Lesmanen {rC+ rN+ Regen+}
  5737 | D:4      | Reached skill level 7 in Stealth
  6346 | D:5      | Entered Level 5 of the Dungeon
  6685 | D:5      | Found Cofrib's Armour Shop.
  6693 | D:5      | Reached XP level 8. HP: 40/40 MP: 14/14
  6855 | D:5      | Found a staircase to the Ecumenical Temple.
  6863 | Temple   | Entered the Ecumenical Temple
  7116 | Temple   | Became a worshipper of Dithmenos the Shadowed
  7375 | D:5      | Reached skill level 5 in Hexes
  7375 | D:5      | Reached skill level 1 in Invocations
  8219 | D:6      | Reached skill level 8 in Stealth
  8219 | D:6      | Reached skill level 5 in Spellcasting
  8336 | D:6      | Reached XP level 9. HP: 44/44 MP: 14/18
  8506 | D:6      | Reached skill level 5 in Short Blades
  8527 | D:6      | Reached * piety under Dithmenos
  8755 | D:6      | Reached skill level 9 in Stealth
  9037 | D:6      | Noticed a troll
  9053 | D:6      | Killed a troll
  9054 | D:6      | Reached skill level 5 in Invocations
  9465 | D:6      | Reached XP level 10. HP: 37/49 MP: 20/20
  9652 | D:6      | Reached skill level 10 in Stealth
  9665 | D:6      | Reached ** piety under Dithmenos
 10989 | D:7      | Reached skill level 1 in Throwing
 11742 | D:8      | Noticed Harold
 11742 | D:8      | Noticed a centaur warrior
 12023 | D:8      | Killed a centaur warrior
 12099 | D:8      | Noticed an ogre mage
 12099 | D:8      | Noticed a red ugly thing
 12099 | D:8      | Noticed an ogre mage
 12100 | D:8      | Found a runed translucent door.
 12102 | D:8      | Noticed a black mamba
 12102 | D:8      | Noticed a manticore
 12102 | D:8      | Noticed a centaur warrior
 12102 | D:8      | Noticed a tengu warrior
 12234 | D:8      | Found a hide-covered altar of Uskayaw.
 12707 | D:8      | Noticed a two-headed ogre
 12801 | D:8      | Killed a two-headed ogre
 12802 | D:8      | Reached skill level 5 in Fighting
 12802 | D:8      | Reached skill level 11 in Stealth
 13263 | D:8      | Learned a level 3 spell: Dazzling Flash
 13264 | D:9      | Noticed a two-headed ogre
 13266 | D:9      | Killed a two-headed ogre
 13280 | D:9      | Reached XP level 11. HP: 56/56 MP: 21/21
 13295 | D:9      | Reached *** piety under Dithmenos
 13357 | D:9      | Found a staircase to the Lair.
 13444 | D:9      | Reached skill level 1 in Conjurations
 14198 | D:9      | Found a runed translucent door.
 14199 | D:9      | Noticed shugdite's ghost (novice DrBe)
 14570 | D:9      | Found a staircase to the Orcish Mines.
 14583 | D:9      | Reached **** piety under Dithmenos
 14821 | D:9      | Found Kygisuw's Armour Shoppe.
 15140 | D:10     | Entered Level 10 of the Dungeon
 15206 | D:10     | Found a flagged portal.
 15275 | Bailey   | Entered a bailey
 15311 | Bailey   | Noticed an orc knight
 15331 | Bailey   | Killed an orc knight
 15591 | Bailey   | Noticed an orc high priest
 15594 | Bailey   | Noticed an orc knight
 15595 | Bailey   | Killed an orc high priest
 15606 | Bailey   | Killed an orc knight
 15691 | Bailey   | Noticed an orc knight
 15694 | Bailey   | Killed an orc knight
 15741 | Bailey   | Found an iron altar of Okawaru.
 15741 | Bailey   | Noticed an orc high priest
 15741 | Bailey   | Noticed an orc knight
 15801 | Bailey   | Killed an orc high priest
 16110 | D:10     | Acquired a +3 quick blade
 16174 | D:10     | Noticed a two-headed ogre
 16186 | D:10     | Killed a two-headed ogre
 16186 | D:10     | Reached ***** piety under Dithmenos
 17046 | D:9      | Killed shugdite's ghost
 17047 | D:9      | Reached skill level 12 in Stealth
 17047 | D:9      | Reached XP level 12. HP: 61/61 MP: 21/25
 17092 | D:11     | Noticed a two-headed ogre
 17105 | D:11     | Killed a two-headed ogre
 17559 | D:11     | Reached skill level 5 in Ice Magic
 17686 | D:11     | Reached skill level 10 in Dodging
 18424 | D:11     | Learned a level 4 spell: Fulminant Prism
 18542 | D:12     | Noticed a death knight
 18622 | Lair:1   | Entered Level 1 of the Lair of Beasts
 18678 | Lair:1   | Learned a level 3 spell: Mephitic Cloud
 18948 | Lair:1   | Reached skill level 1 in Air Magic
 18959 | Lair:1   | Reached skill level 1 in Poison Magic
 19265 | Lair:1   | You fall into a shaft and drop 1 floor!
 19813 | Lair:1   | Noticed a six-headed hydra
 19820 | Lair:1   | Killed a six-headed hydra
 20215 | Lair:2   | Noticed a seven-headed hydra
 20248 | Lair:2   | Killed a seven-headed hydra
 20249 | Lair:2   | Reached XP level 13. HP: 22/65 MP: 14/27
 20532 | Lair:2   | Reached skill level 13 in Stealth
 20771 | Lair:2   | Found a staircase to the Swamp.
 20951 | Lair:3   | Noticed Gastronok
 21306 | Lair:3   | Found a hole to the Spider Nest.
 21974 | Lair:3   | Reached ****** piety under Dithmenos
 22302 | Lair:3   | Killed Gastronok
 23685 | Lair:5   | Reached skill level 5 in Conjurations
 24508 | Lair:6   | Entered Level 6 of the Lair of Beasts
 24560 | Lair:6   | Reached skill level 14 in Stealth
 24597 | Lair:5   | Reached skill level 10 in Invocations
 24813 | Lair:6   | Reached XP level 14. HP: 54/72 MP: 9/28
 25175 | Lair:6   | Found a viscous altar of Jiyva.
 25175 | Lair:6   | Found a staircase to the Slime Pits.
 26542 | Lair:6   | Found a runed translucent door.
 26557 | Lair:6   | Reached skill level 10 in Short Blades
 26557 | Lair:6   | Reached skill level 15 in Stealth
 26741 | Lair:6   | Paralysed by a hornet for 2 turns
 28108 | D:12     | You fall into a shaft and drop 3 floors!
 28108 | D:15     | Entered Level 15 of the Dungeon
 28121 | D:15     | Reached XP level 15. HP: 78/78 MP: 29/29
 28273 | D:14     | Found Caakhlom's Magic Scroll Boutique.
 28367 | D:14     | Reached skill level 1 in Shields
 28627 | D:14     | Found a gate to the Vaults.
 28708 | D:14     | Found a gate leading to a gauntlet.
 28782 | Gauntlet | Entered a Gauntlet
 28782 | Gauntlet | Found a transporter.
 28791 | Gauntlet | Found a transporter.
 28806 | Gauntlet | Found a transporter.
 28811 | Gauntlet | Found a transporter.
 28828 | Gauntlet | Found a transporter.
 28845 | Gauntlet | Found a transporter.
 28857 | Gauntlet | Found a transporter.
 28869 | Gauntlet | Found a transporter.
 28877 | Gauntlet | Found a large runed translucent door.
 28878 | Gauntlet | Found a large runed translucent door.
 28879 | Gauntlet | Found a large runed translucent door.
 28879 | Gauntlet | Found a large runed translucent door.
 28880 | Gauntlet | Found a runed translucent gate.
 28881 | Gauntlet | Found a transporter.
 28881 | Gauntlet | Found a runed translucent gate.
 28882 | Gauntlet | Found a runed translucent gate.
 28883 | Gauntlet | Found a large runed translucent door.
 28883 | Gauntlet | Found a large runed translucent door.
 28883 | Gauntlet | Found a runed translucent door.
 28883 | Gauntlet | Found a runed translucent door.
 28884 | Gauntlet | Found a large runed translucent door.
 28885 | Gauntlet | Found a large runed translucent door.
 28887 | Gauntlet | Found a transporter.
 28887 | Gauntlet | Found a transporter.
 28892 | Gauntlet | Found a large runed translucent door.
 28892 | Gauntlet | Found a large runed translucent door.
 28893 | Gauntlet | Found a large runed translucent door.
 28894 | Gauntlet | Found a large runed translucent door.
 28902 | Gauntlet | Found a transporter.
 28915 | Gauntlet | Found a large runed translucent door.
 28915 | Gauntlet | Found a large runed translucent door.
 28916 | Gauntlet | Found a large runed translucent door.
 28917 | Gauntlet | Found a large runed translucent door.
 28919 | Gauntlet | Found a transporter.
 28958 | Gauntlet | Found a transporter.
 28986 | Gauntlet | Found a transporter.
 29006 | Gauntlet | Found a transporter.
 29084 | Gauntlet | Found a transporter.
 29200 | Gauntlet | Found a transporter.
 29220 | Gauntlet | Reached skill level 16 in Stealth
 29429 | Gauntlet | Identified the ring "Qijai" {Wiz rPois Str-5 Int+6 Dex-3}
 29480 | Gauntlet | Identified the amulet "Iriet" {Acrobat rF+ Dex+2}
 29505 | Gauntlet | Identified the +2 robe of the Desert {rF+}
 29711 | Gauntlet | Identified the ring of Fatigue {rPois rC+ Str+4 Dex+2}
 29711 | Gauntlet | Identified the +1 falchion of Yfeacaih {drain, rElec rC+
                  | Int+2}
 29711 | Gauntlet | Identified the +7 hand axe "Qiegos Get" {protect, rPois
                  | rF++ Dex-4 SInv}
 29756 | D:13     | Slain by a centaur warrior

Illustrated notes

Levels and vault maps discovered:
D:1:      heliophobic_arrival_enchanted_forest, layout_basic,
          shapermc_ecumenical_altar_notcrosses, serial_shops,
          nicolae_shop_hallway_plus
D:2:      layout_loops_ring, kennysheep_another_room, uniq_sigmund
D:3:      layout_loops_cross
D:4:      layout_loops_ring, gammafunk_ghost_cemetery
D:5:      layout_layer_cave, minmay_temple_entry_overgrown, serial_shops,
          nicolae_shop_hallway_stairs, dk_noncrumbling_4
D:6:      lemuel_castle_with_subvaults [lemuel_castle_interior_original],
          layout_basic, hex_large, minmay_misc_feat_encased,
          amcnicky_mini_rare_corridor_liquid
D:7:      layout_cave_pods, minmay_stone_trees_medium, grunt_decor_arrowhead
D:8:      minmay_gate_of_8, layout_basic, lemuel_crystal_altar, uniq_harold
D:9:      layout_basic, lair_entry_dummy, david_orc_5, serial_shops,
          nicolae_inconvenience_store, ebering_ghost_reflecting_pool
D:10:     minmay_weird_star, layout_gridville, enter_bailey_2,
          minmay_fire_ice_demons
D:11:     layout_loops_ring, chequers_big_river
D:12:     layout_long_grid, special_room [special_room_orc]
D:13:     layout_layer_cave, serial_shops, shop_statue
D:14:     layout_rooms, david_vaults_5, serial_ice, serial_ice_j, serial_ice_f,
          serial_ice_m, serial_ice_g, serial_ice_d, serial_ice_o, serial_shops,
          shop, gauntlet_entry_generic, okawaru_ov_weapons_minmay
D:15:     grunt_enter_depths_hoard, layout_layer_cave, serial_bayou_pond_e
Temple:   mainiacjoe_temple_archimedes_tessellation
Lair:1:   layout_layer_cave
Lair:2:   layout_roguey, palyth_hydra_swamp_entry
Lair:3:   layout_roguey [special_room_bee], spider_nest_entry_rubble,
          uniq_gastronok
Lair:4:   layout_cave_pods
Lair:5:   layout_big_grid, serial_bayou_pond_e, st_stairs_7
Lair:6:   wormcave, layout_long_grid, hangedman_lair_in_review, slime_altar_1

Skill      XL: |  1  2  3  4  5  6  7  8  9 10 11 12 13 14 15 |
---------------+----------------------------------------------+-----
Spellcasting   | 3 5 6 8 9 |  9.0
Short Blades   | 2 3 4 6 7 8 10 | 10.8
Dodging        | 3 4 5 6 7 8 9 10 11 12 | 12.0
Hexes          | 4 6 8 9 |  9.0
Ice Magic      | 2 3 4 6 |  6.0
Fighting       | 1 2 3 5 6 7 8 9 |  9.0
Stealth        | 5 6 7 8 9 11 12 14 15 16 | 16.4
Invocations    | 2 5 7 8 10 11 12 | 12.0
Throwing       | 3 |  3.0
Conjurations   | 2 3 5 6 |  6.0
Air Magic      | 2 3 |  3.0
Poison Magic   | 2 3 |  3.0
Shields        | 3 |  3.6

Action                   |  1- 3 |  4- 6 |  7- 9 | 10-12 | 13-15 || total
-------------------------+-------+-------+-------+-------+-------++-------
Melee: Dagger            |   102 |    61 |   281 |   469 |       ||   913
       Punch             |     2 |       |     7 |    16 |    26 ||    51
       Quick blade       |       |       |       |   369 |  1120 ||  1489
Throw: Throwing net      |       |       |       |     1 |       ||     1
       Dart              |       |       |       |       |    36 ||    36
 Cast: Ensorcelled Hiber |    35 |    45 |    98 |   116 |    44 ||   338
       Confusing Touch   |     1 |     3 |    32 |    87 |    88 ||   211
       Tukima's Dance    |       |       |     5 |    24 |       ||    29
       Dazzling Flash    |       |       |       |    11 |    48 ||    59
       Mephitic Cloud    |       |       |       |     2 |    37 ||    39
       Fulminant Prism   |       |       |       |       |    33 ||    33
Invok: Shadow Step       |       |       |       |     1 |       ||     1
  Use: Scroll            |       |     1 |       |     9 |     9 ||    19
       Potion            |       |       |       |     1 |     5 ||     6
 Stab: Sleeping          |    34 |    29 |    59 |   110 |    75 ||   307
       Confused          |       |     2 |    29 |    85 |   138 ||   254
       Distracted        |       |       |     2 |     4 |     5 ||    11
       Invisible         |       |       |       |    21 |    79 ||   100
Armor: Robe              |     5 |     1 |    10 |    11 |       ||    27
       Steam dragon scal |       |       |       |    22 |       ||    22
       Acid dragon scale |       |       |       |    16 |    82 ||    98
Dodge: Dodged            |    82 |    42 |   177 |   563 |   726 ||  1590
